 Dungeon Crawl Stone Soup version 0.17-a0-2215-g49c1de0 (webtiles) character file.

266 kosy22 the Caller (level 6, 0/34 HPs)
             Began as a Tengu Summoner on Oct 27, 2015.
             Slain by Rayvis's ghost (5 damage)
             ... on level 5 of the Dungeon.
             The game lasted 00:16:44 (4652 turns).

kosy22 the Caller (Tengu Summoner)                  Turns: 4652, Time: 00:16:44

Health: 0/34       AC:  5    Str:  9    XL:     6   Next: 20%
Magic:  11/13      EV: 19    Int: 17    God:
Gold:   193        SH:  0    Dex: 19    Spells: 3 memorised, 7 levels left

rFire  + . .     SeeInvis .     k - +1 dagger (drain)
rCold  + . .     Clarity  .     a - +1 robe
rNeg   + . .     SustAt   .     (no shield)
rPois  +         Gourm    .     n - +2 hat
rElec  +         Spirit   .     (no cloak)
rCorr  +         Warding  .     (no gloves)
rMut   .         Stasis   .     (boots unavailable)
MR     .....                    (no amulet)
Stlth  ++++......               (no ring)
                                c - ring of positive energy

@: agile, resistant, not resistant to hostile enchantments, stealthy
A: beak, talons 3, able to fly 1
a: Fly


You were on level 5 of the Dungeon.
You were not hungry.

You visited 2 branches of the dungeon, and saw 6 of its levels.

You collected 193 gold pieces.

Inventory:

Hand Weapons
 k - a +1 dagger of draining (weapon)
Missiles
 f - 5 poisoned needles
Armour
 a - a +1 robe (worn)
 n - a +2 hat (worn)
Jewellery
 c - a ring of positive energy (left hand)
Scrolls
 d - 3 scrolls of remove curse
 e - 4 scrolls of enchant weapon
 l - a scroll of recharging
 p - a scroll of amnesia
Potions
 g - a potion of agility
Books
 b - a book of Callings

   Spells                             Type                      Level
   a - Summon Small Mammal            Summoning                    1
   b - Call Imp                       Summoning                    2
   c - Call Canine Familiar           Summoning                    3
   d - Summon Guardian Golem          Hexes/Summoning              3
   e - Summon Lightning Spire         Summoning/Air                4
   f - Summon Ice Beast               Ice/Summoning                4
Comestibles
 m - a meat ration


   Skills:
 + Level 1.2 Fighting
 + Level 0.7 Short Blades
 + Level 3.5 Dodging
 + Level 2.9 Stealth
 + Level 0.4 Unarmed Combat
 + Level 4.1 Spellcasting
 - Level 5.4 Summonings


You had 7 spell levels left.
You knew the following spells:

 Your Spells              Type           Power        Failure   Level  Hunger
a - Summon Small Mammal   Summ           ###.         1%          1    None
b - Call Imp              Summ           ###.....     2%          2    ##.....
c - Call Canine Familiar  Summ           ###.....     6%          3    ###....


Dungeon Overview and Level Annotations

Branches:
Dungeon (5/15)             Temple (1/1) D:4

Altars:
Ashenzari
Cheibriados
Dithmenos
Elyvilon
Fedhas
Kikubaaqudgha
Makhleb
Nemelex Xobeh
Okawaru
Qazlal
Ru
Sif Muna
Trog
Vehumet
Xom
Yredelemnul
Zin
The Shining One

Annotations:
D:5 Rayvis's ghost, novice DsFi


Innate Abilities, Weirdness & Mutations

You have a beak for a mouth.
You have claws for feet.
You can fly.


Message History

Your white imp closely misses Rayvis's ghost.
You barely miss Rayvis's ghost. Your kick misses Rayvis's ghost.
Rayvis's ghost is heavily damaged.
Rayvis's ghost misses you.
Your crimson imp blinks!
You closely miss Rayvis's ghost. Your kick misses Rayvis's ghost.
Rayvis's ghost is heavily damaged.
Your white imp hits Rayvis's ghost but does no damage.
Rayvis's ghost misses you.
You hit Rayvis's ghost but do no damage.
Your peck misses Rayvis's ghost.
Rayvis's ghost is heavily damaged.
Your white imp closely misses Rayvis's ghost.
Rayvis's ghost closely misses you.
You hit Rayvis's ghost but do no damage.
You claw Rayvis's ghost, but do no damage.
Rayvis's ghost is heavily damaged.
Your white imp closely misses Rayvis's ghost.
Rayvis's ghost hits you.
You die...

### #.# # ###
##.## .
#@########...# ##.
##W55........##...
##........>......
#..............#
##......###...##
##....## #...#
##...# ##..# #..##
#..# #..## #..#


You could see Rayvis's ghost, a friendly crimson imp and a friendly white imp.

Vanquished Creatures
  An ice beast (D:5)
  A hound (D:5)
  A worker ant (D:4)
  An adder (D:4)
  A giant cockroach (D:4)
  3 hobgoblins
  A goblin (D:3)
  5 jackals
  A rat (D:1)
15 creatures vanquished.

Vanquished Creatures (collateral kills)
  An ogre (D:5)
  An iguana (D:5)
  4 adders
  An ooze (D:2)
  2 worms
  3 orcs (D:3)
  5 hobgoblins
  2 jackals
  2 quokkas
  3 ball pythons
  A ball python skeleton (D:4)
  4 bats
  4 giant cockroaches
  4 giant newts
  9 goblins
  6 kobolds
  7 rats
59 creatures vanquished.

Grand Total: 74 creatures vanquished

Notes
Turn   | Place    | Note
--------------------------------------------------------------
     0 | D:1      | kosy22 the Tengu Summoner began the quest for the Orb.
     0 | D:1      | Reached XP level 1. HP: 10/10 MP: 4/4
   155 | D:1      | Reached skill level 5 in Summonings
   396 | D:1      | Reached XP level 2. HP: 15/15 MP: 1/6
   423 | D:1      | Learned a level 2 spell: Call Imp
  1102 | D:2      | Reached XP level 3. HP: 19/19 MP: 0/8
  2110 | D:3      | Reached XP level 4. HP: 24/24 MP: 5/9
  2859 | D:4      | Learned a level 3 spell: Call Canine Familiar
  3329 | D:4      | Found a staircase to the Ecumenical Temple.
  3338 | Temple   | Entered the Ecumenical Temple
  3429 | Temple   | Became a worshipper of Elyvilon the Healer
  3467 | Temple   | Fell from the grace of Elyvilon
  4292 | D:5      | Entered Level 5 of the Dungeon
  4308 | D:5      | Noticed an ice beast
  4335 | D:5      | Gained mutation: You can fly. [Tengu growth]
  4335 | D:5      | Reached XP level 5. HP: 23/28 MP: 0/11
  4338 | D:5      | Killed an ice beast
  4338 | D:5      | Reached skill level 1 in Fighting
  4344 | D:5      | Noticed an ogre
  4450 | D:5      | Killed an ogre
  4450 | D:5      | Reached XP level 6. HP: 34/34 MP: 2/13
  4564 | D:5      | Noticed Rayvis's ghost (novice DsFi)
  4652 | D:5      | Slain by Rayvis's ghost

Vault maps used:
D:1:      matt_arrival_spirals
D:3:      kennysheep_boxes
D:4:      minmay_temple_entry_nine_rooms, first_bread, minivault_23,
          kennysheep_nondescript
D:5:      st_stairs_7
Temple:   kilobyte_greek_temple_18

Action                   |  1- 3 |  4- 6 || total
-------------------------+-------+-------++-------
Melee: Unarmed           |     9 |       ||     9
       Dagger            |     8 |    63 ||    71
 Cast: Summon Small Mamm |    23 |     3 ||    26
       Call Imp          |    53 |    28 ||    81
       Call Canine Famil |       |     1 ||     1
Invok: Renounce Religion |       |     1 ||     1
  Use: Scroll            |     4 |     1 ||     5
       Potion            |     1 |     4 ||     5
  Eat: Bread ration      |     2 |     2 ||     4
